 Dungeon Crawl Stone Soup version 0.17.0-56-gd8de76c (webtiles) character file.

177 Rationalist the Shield-Bearer (level 5, -3/42 HPs)
             Began as a Formicid Fighter on Dec 6, 2015.
             Was an Initiate of Gozag.
             Slain by a centaur
             ... wielding a cursed +0 shortbow
              (7 damage)
             ... on level 6 of the Dungeon.
             The game lasted 00:05:53 (3246 turns).

Rationalist the Shield-Bearer (Formicid Fighter)    Turns: 3246, Time: 00:05:53

Health: -3/42      AC:  7    Str: 21    XL:     5   Next: 88%
Magic:  5/5        EV:  9    Int:  7    God:    Gozag
Gold:   434        SH: 10    Dex: 11    Spells: 0 memorised, 4 levels left

rFire  . . .     SeeInvis +     a - +0 war axe
rCold  . . .     Clarity  .     b - +0 scale mail
rNeg   . . .     SustAt   .     c - +0 shield
rPois  .         Gourm    .     (helmet unavailable)
rElec  .         Spirit   .     (no cloak)
rCorr  .         Warding  .     (no gloves)
rMut   .         Stasis   +     (no boots)
MR     .....                    (no amulet)
Stlth  ..........               (no ring)
                                (no ring)

@: not resistant to hostile enchantments, extremely unstealthy
A: permanent stasis, dig shafts and tunnels, four strong arms, antennae 3
a: Dig, Shaft Self, Potion Petition, Call Merchant, Bribe Branch, Renounce
Religion


You were on level 6 of the Dungeon.
You worshipped Gozag.
Gozag was noncommittal.
You were completely stuffed.

You visited 1 branch of the dungeon, and saw 4 of its levels.
You also visited: Sewer.

You collected 472 gold pieces.
You paid 38 gold pieces to Gozag.

Inventory:

Hand Weapons
 a - a +0 war axe (weapon)
 n - a +0 arbalest
 p - a +1 hunting sling of flaming
Missiles
 v - 17 sling bullets of flame
Armour
 b - a +0 scale mail (worn)
 c - a +0 shield (worn)
Jewellery
 i - an uncursed amulet of the gourmand {unknown}
Scrolls
 f - 3 scrolls of identify {unknown}
 h - a scroll of immolation {unknown}
 k - 4 scrolls of remove curse {unknown}
 l - a scroll of enchant weapon {unknown}
 m - a scroll of fear {unknown}
 q - a scroll of magic mapping {unknown}
 r - a scroll of teleportation {unknown}
 w - a scroll of random uselessness {unknown}
Potions
 d - 2 potions of might
 j - a potion of heal wounds
 o - 2 potions of invisibility
 s - a potion of flight
 t - 2 potions of poison {unknown}
 u - a potion of agility {unknown}
Comestibles
 e - 4 bread rations


   Skills:
 + Level 3.9 Fighting
 + Level 2.8 Axes
 + Level 4.5 Armour
 + Level 1.6 Dodging
 + Level 0.3 Stealth
 + Level 4.6 Shields


You had 4 spell levels left.
You didn't know any spells.

Dungeon Overview and Level Annotations

Branches:
Dungeon (6/15)
 Temple: D:4-7

Altars:
Ashenzari
Gozag


Innate Abilities, Weirdness & Mutations

You are under a permanent stasis effect.
You can dig through walls and to a lower floor.
Your four strong arms can wield two-handed weapons with a shield.
You have a pair of large antennae on your head (SInv).


Message History

The centaur is heavily wounded.
The centaur hits you but does no damage.
The centaur misses you.
You closely miss the centaur.
The centaur is heavily wounded.
The centaur hits you with a shortbow! x2
* * * LOW HITPOINT WARNING * * *
You completely miss the centaur.
The centaur is heavily wounded.
You block the centaur's attack. The centaur hits you with a shortbow.
* * * LOW HITPOINT WARNING * * *
You hit the centaur.
The centaur is severely wounded.
The centaur barely misses you. The centaur hits you with a shortbow.
* * * LOW HITPOINT WARNING * * *
You closely miss the centaur.
The centaur is severely wounded.
You block the centaur's attack. The centaur hits you with a shortbow!
You die...
Your body crumbles into a pile of gold.

#.# #.# #.# #.#
#.# #.# #.#
#######(########
........@c......
##......#.......
#.######.######
.. .# .# .# .#
.#


You could see a centaur.

Vanquished Creatures
  Ijyb (D:2)
  4 adders
  3 oozes (Sewer)
  3 worms (Sewer)
  6 orcs (D:3)
  4 ball pythons
  16 bats
  4 giant cockroaches
  10 goblins
  5 hobgoblins
  9 jackals
  6 kobolds
  3 giant geckos
  6 giant newts
  4 rats
84 creatures vanquished.

Notes
Turn   | Place    | Note
--------------------------------------------------------------
     0 | D:1      | Rationalist the Formicid Fighter began the quest for the Orb.
     0 | D:1      | Reached XP level 1. HP: 18/18 MP: 1/1
   149 | D:1      | Reached XP level 2. HP: 16/24 MP: 2/2
   597 | D:1      | Reached XP level 3. HP: 25/29 MP: 3/3
  1197 | D:2      | Reached skill level 1 in Dodging
  1197 | D:2      | Reached skill level 4 in Shields
  1278 | D:2      | Reached XP level 4. HP: 35/37 MP: 4/4
  1482 | D:2      | Found an opulent altar of Gozag.
  1643 | D:2      | Became a worshipper of Gozag Ym Sagoz the Greedy
  1689 | D:2      | Noticed Ijyb
  1722 | D:2      | Killed Ijyb
  1903 | D:3      | Reached XP level 5. HP: 35/42 MP: 5/5
  2100 | D:3      | Found a shattered altar of Ashenzari.
  2221 | D:3      | Found a glowing drain.
  2227 | Sewer    | Entered a sewer
  3231 | D:3      | You fall through a shaft for 3 floors!
  3232 | D:6      | Noticed a centaur
  3246 | D:6      | Slain by a centaur

Action                   |  1- 3 |  4- 6 || total
-------------------------+-------+-------++-------
Melee: War axe           |    94 |   231 ||   325
 Abil: Dig               |       |     3 ||     3
  Use: Potion            |       |     4 ||     4
 Stab: Distracted        |       |     1 ||     1
  Eat: Chunk             |     1 |     2 ||     3
       Meat ration       |       |     3 ||     3
       Pizza             |       |     1 ||     1
